 Dungeon Crawl Stone Soup version 0.30-a0-377-g5cb311bc9f (webtiles) character file.

Game seed: 16107423806291616276

243373 MackTheKnife the Peltast (level 19, -3/203 (211) HPs)
             Began as a Troll Cinder Acolyte on Nov 30, 2022.
             Was an Initiate of Ignis.
             Killed from afar by a tengu reaver (46 damage)
             ... with a bolt of cold
             ... on level 1 of the Vaults.
             The game lasted 01:27:21 (36278 turns).

MackTheKnife the Peltast (Troll Cinder Acolyte)    Turns: 36278, Time: 01:27:22

HP:   -3/203 (211)  AC: 20    Str: 29    XL:     19   Next: 12%
MP:   19/19         EV:  8    Int: 10    God:    Ignis [......]
Gold: 59            SH: 24    Dex:  9    Spells: 20/20 levels left

rFire   + + +      SeeInvis .      - Unarmed
rCold   . . .      Faith    .    D - +0 tower shield
rNeg    . . .      Spirit   .    s - +3 fire dragon scales
rPois   +          Reflect  +    (helmet restricted)
rElec   .          Harm     .    f - +2 cloak {Will+}
rCorr   .          Rampage  .    (gloves unavailable)
Will    ++...                    (boots unavailable)
Stlth   ..........               y - amulet of reflection
HPRegen 1.33/turn                K - ring of protection from cold
MPRegen 0.16/turn                X - ring of poison resistance

@: lethally poisoned (-3 -> -3), studying Shields, lightly drained
A: large, unfitting armour, claws 3, regeneration 1, shaggy fur 1, tough skin 1,
talons 1, robust 1
}: 1/15 runes: barnacled
a: Renounce Religion, Rising Flame


You were on level 1 of the Vaults.
You worshipped Ignis.
Ignis was noncommittal.
You visited 8 branches of the dungeon, and saw 36 of its levels.
You visited 1 bazaar.

You collected 3174 gold pieces.
You spent 3115 gold pieces at shops.


Innate Abilities, Weirdness & Mutations

You are too large for most types of armour.
You have claws for hands.
Your natural rate of healing is unusually fast.
You are covered in fur. (AC +1)
You have tough skin. (AC +1)
You have sharp toenails.
You are robust. (+10% HP)


   Skills:
 - Level 12.8 Fighting
 - Level 10.1 Throwing
 - Level 10.3 Armour
 - Level 6.4 Dodging
 + Level 18.5 Shields
 - Level 18.1 Unarmed Combat
 - Level 1.0 Spellcasting
 - Level 2.1 Fire Magic
 - Level 7.3 Evocations


You had 20 spell levels left.
You didn't know any spells.
Your spell library contained the following spells:

 Spells                   Type           Power      Damage    Failure   Level
 Scorch                   Fire           8%         2d5       65%         2
 Kiss of Death            Conj/Necr      0%         2d5       82%         1
 Magic Dart               Conj           0%         1d3       82%         1
 Necrotise                Necr           0%         1d4       82%         1
 Shock                    Conj/Air       0%         1d3       82%         1
 Sting                    Tmut/Pois      0%         1d3       82%         1
 Cigotuvi's Dreadful Rot  Necr/Pois/Air  0%         N/A       91%         2
 Poisonous Vapours        Pois/Air       0%         N/A       91%         2
 Searing Ray              Conj           0%         2d4       91%         2
 Sublimation of Blood     Necr           0%         N/A       91%         2
 Kindle Blastsparks       Fire/Tloc/Air  2%         2d10      97%         3
 Dazzling Flash           Conj/Hex       0%         N/A       99%         3
 Mephitic Cloud           Conj/Pois/Air  0%         N/A       99%         3
 Spider Form              Tmut/Pois      0%         N/A       99%         3
 Summon Guardian Golem    Hex/Summ       0%         N/A       99%         3
 Swiftness                Air            0%         N/A       99%         3
 Vampiric Draining        Necr           0%         2d6       99%         3
 Airstrike                Air            0%         2d(0-16)  100%        4
 Animate Armour           Summ/Erth      0%         N/A       100%        4
 Animate Dead             Necr           0%         N/A       100%        4
 Dispel Undead            Necr           0%         3d6       100%        4
 Fulminant Prism          Conj/Hex       0%         3d5       100%        4
 Iskenderun's Mystic Bla  Conj/Tloc      0%         2d3       100%        4
 Olgreb's Toxic Radiance  Pois           0%         N/A       100%        4
 Agony                    Necr           0%         N/A       100%        5
 Borgnjor's Vile Clutch   Necr/Erth      0%         N/A       100%        5
 Lee's Rapid Deconstruct  Erth           0%         3d4*      100%        5
 Silence                  Hex/Air        0%         N/A       100%        5
 Death Channel            Necr           0%         N/A       100%        6
 Simulacrum               Ice/Necr       0%         N/A       100%        6
 Haunt                    Necr/Summ      0%         N/A       100%        7
 Orb of Destruction       Conj           0%         9d5       100%        7
 Spellforged Servitor     Conj/Summ      0%         N/A       100%        7
 Borgnjor's Revivificati  Necr           0%         N/A       100%        8
 Necromutation            Tmut/Necr      0%         N/A       100%        8
 Fire Storm               Conj/Fire      1%         7d1       100%        9
 Shatter                  Erth           0%         3d5*      100%        9

Inventory:

Missiles
 x - a throwing net {=f!fthrowing}
 P - 49 large rocks (quivered) {=fthrowing}
 S - 9 silver javelins {throwing}
Armour
 c - a +2 cloak of preservation
   (You took it off Nikola on level 1 of the Shoals)
 f - a +2 cloak of willpower (worn)
   (You found it on level 2 of the Lair of Beasts)
 s - +3 fire dragon scales (worn)
   (You found it on level 1 of the Depths)
 D - a +0 tower shield (worn)
   (You found it on level 5 of the Dungeon)
Jewellery
 d - the ring "Xerhegig" {Fire rElec rN+ rCorr Slay+2}
   (You bought it in a shop on level 2 of the Orcish Mines)

   [ring of fire]

   It enhances your fire magic.
   Slay:      It affects your accuracy & damage with ranged weapons and melee
   (+2).
   rF:        It protects you from fire.
   rC:        It makes you vulnerable to cold.
   rElec:     It insulates you from electricity.
   rN:        It protects you from negative energy.
   rCorr:     It protects you from acid and corrosion.
 o - a +6 ring of dexterity
   (You found it on level 3 of the Dungeon)
 q - an amulet of guardian spirit
   (You found it on level 3 of the Dungeon)
 u - a ring of resist corrosion
   (You found it on level 1 of the Depths)
 y - an amulet of reflection (around neck)
   (You found it on level 1 of the Depths)
 J - a +4 ring of evasion
   (You found it on level 6 of the Dungeon)
 K - a ring of protection from cold (left claw)
   (You found it on level 9 of the Dungeon)
 L - a ring of flight
   (You took it off an orc priest on level 6 of the Dungeon)
 M - a ring of willpower
   (You found it on level 9 of the Dungeon)
 R - a ring of see invisible
   (You found it on level 11 of the Dungeon)
 X - a ring of poison resistance (right claw)
   (You bought it in a shop on level 2 of the Elven Halls)
Wands
 i - a wand of quicksilver (9)
   (You found it on level 11 of the Dungeon)
 v - a wand of digging (4)
   (You found it on level 3 of the Spider Nest)
 H - a wand of roots (10)
   (You found it on level 5 of the Dungeon)
 V - a wand of mindburst (7)
   (You bought it in a shop in a bazaar)
 Y - a wand of paralysis (2)
   (You found it on level 1 of the Spider Nest)
Scrolls
 a - a scroll of fear
 g - a scroll of summoning
 j - 5 scrolls of poison {!r}
 l - 2 scrolls of blinking {!r}
 n - a scroll of magic mapping {!r}
 p - 9 scrolls of teleportation {@r4}
 w - 16 scrolls of identify {@r1}
 C - 3 scrolls of silence {!r}
 Q - 5 scrolls of immolation {!r!r}
Potions
 b - 14 potions of curing {@q1}
 e - 3 potions of invisibility
 h - 2 potions of attraction {!q}
 r - 4 potions of heal wounds {@q2}
 t - 3 potions of mutation {!q}
 z - 7 potions of ambrosia
 A - 6 potions of flight
 E - 2 potions of berserk rage {!q}
 G - a potion of magic
 I - 4 potions of brilliance
 N - a potion of might
 T - a potion of lignification {!q}
 U - a potion of resistance
 W - a potion of haste {@q3}
 Z - a potion of cancellation
Miscellaneous
 B - a phial of floods
   (You found it on level 4 of the Lair of Beasts)
 F - a condenser vane
   (You found it on level 12 of the Dungeon)
 O - a piece from Xom's chessboard (15/15)
   (You found it on level 11 of the Dungeon)

Dungeon Overview and Level Annotations

Branches:
Dungeon (15/15) Zot: 24880  Temple (0/1) D:5            Lair (5/5) D:8 Zot: 23782
 Shoals (4/4) Lair:3 Zot: 21713  Spider (3/4) Lair:2 Zot: 14904   Slime (0/5) Lair:5
    Orc (2/2) D:9 Zot: 9658     Elf (3/3) Orc:2 Zot: 15373  Vaults (2/5) D:14 Zot: 9896
 Depths (2/4) D:15 Zot: 10042
  Crypt: Vaults:2-3

Altars:
Elyvilon
Fedhas
Kikubaaqudgha
Makhleb
Ru
Sif Muna
Trog
Vehumet
Wu Jian
The Shining One

Shops:
Orc:2 ==[[   Elf:2 ?=:=

Portals:
Hell: Depths:1
Abyss: Depths:1
Pandemonium: Depths:1
Ziggurat: Depths:2

Annotations:
D:7 exclusions: electric eel and 1 more exclusion
Lair:3 exclusion: oklob plant
Lair:5 exclusion: 2 oklob plants
Shoals:2 Ilsuiw, Mlioglotl
Shoals:3 exclusion: 2 upstairs, Mara
Spider:2 Louise
Elf:2 36 runed doors

#..........#......#..#.##....
#..........########..#[.#####
#....................##..###.
#....................###.....
#....................# ######
#........#########...#
#.....)..#.......#...#
#........#.......#...#
#........#.Q@....#...#
#........#.......#...#
#........#.......'...#
#........#.......#...########
#........######'##...#......#
#....................#......#
#....................#......#
#.........#########..#......#
#.........#########..#......#


You could see a tengu reaver.


Message History

You resist. 😮 HP[-13]
You take 13 damage, and now have 153/211 hp.
You closely miss the tengu reaver. Your kick misses the tengu reaver.
You feel very sick.
Something unseen opens the door.
You block the tengu reaver's attack. x2
The tengu reaver claws you but does no damage. 😮 HP[-3]
You take 3 damage, and now have 150/211 hp.
The tengu reaver blocks your attack.
Your kick misses the tengu reaver.
You feel very sick.
An ironbound frostheart comes into view. 😮 HP[-2]
You take 2 damage, and now have 148/211 hp.
You barely miss the tengu reaver. Your kick misses the tengu reaver.
You feel very sick.
The tengu reaver gestures at you while chanting.
The bolt of negative energy hits you!!
You feel drained.
A necromancer comes into view. It is wielding a +0 dagger.
An ironbound preserver comes into view.
It is wielding a +2 mace of venom. 😮 HP[-26]
You now have 203 max hp (-8).
You take 26 damage, and now have 122/203 hp.
You feel sick.
A deep troll comes into view.
There is a stone staircase leading up, spattered with blood here.
You feel sick.
The tengu reaver hits you with a +0 war axe of venom!!
You are more poisoned.
You block the tengu reaver's attack.
The tengu reaver claws you but does no damage.
The ironbound preserver gestures wildly while chanting.
The ironbound preserver begins to accept its allies' injuries.
You climb upwards.
You feel extremely sick.
There is a stone staircase leading down, spattered with blood here.
Unknown command. 😨 HP[-28]
You take 28 damage, and now have 94/203 hp.
Unknown command.
Unknown command.
Unknown command.
You mangle the tengu reaver!! Your kick misses the tengu reaver.
You feel very sick. You block the tengu reaver's attack. x2
The tengu reaver claws you but does no damage. 😨 HP[-3]
You take 3 damage, and now have 91/203 hp.
You claw the tengu reaver! x2
You feel very sick.
You block the tengu reaver's attack. x3 😨 HP[-2]
You take 2 damage, and now have 89/203 hp.
You mangle the tengu reaver!!
You feel very sick.
The tengu reaver points at you and mumbles some strange words.
The bolt of cold hits you!
* * * LOW HITPOINT WARNING * * *
😨 HP[-17]
You take 17 damage, and now have 72/203 hp.
The tengu reaver blocks your attack.
Your kick misses the tengu reaver.
You feel sick. The tengu reaver casts a spell at you.
The bolt of cold hits you!!!
* * * LOW HITPOINT WARNING * * *
😱 HP[-37]
You take 37 damage, and now have 35/203 hp.
The tengu reaver blocks your attack.
You claw the tengu reaver!
You feel sick. 😱 HP[-1]
You take 1 damage, and now have 34/203 hp.
A tengu reaver is nearby!
The tengu reaver blocks your attack.
Your kick misses the tengu reaver.
You feel sick. You block the tengu reaver's attack. x2
The tengu reaver claws you but does no damage.
The tengu reaver blocks your attack.
You claw the tengu reaver.
You feel sick. The tengu reaver casts a spell at you.
The bolt of fire hits you. You resist.
* * * LOW HITPOINT WARNING * * *
😱 HP[-4]
You take 4 damage, and now have 30/203 hp.
The tengu reaver blocks your attack.
You feel sick.
The tengu reaver hits you but does no damage.
The tengu reaver barely misses you. You block the tengu reaver's attack.
The tengu reaver blocks your attack.
Your kick misses the tengu reaver.
You feel sick.
The tengu reaver points at you and mumbles some strange words.
The bolt of fire hits you. You resist.
* * * LOW HITPOINT WARNING * * *
😱 HP[-4]
You take 4 damage, and now have 26/203 hp.
Aiming: Mindburst
Press: ? - help, Shift-Dir - straight line, f - tengu reaver
Aim: a tengu reaver, wielding a +0 war axe of venom, wearing a +2 scale mail of fire resistance and wearing a +1 buckler of protection (almost dead, chance to affect: 57%)
Okay, then.
Unknown command.
You feel much better.
You feel sick.
The tengu reaver points at you and mumbles some strange words.
The bolt of cold hits you!!!
You die...

Skill      XL: |  1  2  3  4  5  6  7  8  9 10 11 12 13 14 15 16 17 18 19 |
---------------+----------------------------------------------------------+-----
Unarmed Combat | 4 5 6 8 9 10 11 13 16 17 18 | 18.1
Fighting       | 4 6 8 11 12 | 12.8
Shields        | 5 10 13 16 17 18 | 18.5
Evocations     | 4 7 |  7.3
Throwing       | 9 10 | 10.1
Armour         | 4 10 | 10.3
Dodging        | 6 |  6.4
Spellcasting   | |  1.0
Fire Magic     | |  2.1

Action                   |  1- 3 |  4- 6 |  7- 9 | 10-12 | 13-15 | 16-18 | 19-21 || total
-------------------------+-------+-------+-------+-------+-------+-------+-------++-------
Melee: Unarmed           |    66 |   152 |   259 |   494 |  1740 |  1693 |   104 ||  4508
       Punch             |       |     4 |    11 |     5 |       |       |       ||    20
       Kick              |       |       |       |       |   430 |   563 |    37 ||  1030
Throw: Throwing net      |       |       |       |       |     1 |       |       ||     1
       Large rock        |       |       |       |       |       |    25 |       ||    25
Invok: Fiery Armour      |       |       |     1 |       |     4 |     6 |       ||    11
       Foxfire Swarm     |       |       |       |     1 |       |       |       ||     1
Evoke: Wand              |       |       |     1 |     3 |    13 |     2 |       ||    19
       Phial of floods   |       |       |       |       |     1 |     1 |       ||     2
       Condenser vane    |       |       |       |       |       |     1 |       ||     1
  Use: Scroll            |       |       |     7 |    18 |    11 |    17 |     1 ||    54
       Potion            |       |       |     2 |     5 |     2 |    12 |     2 ||    23
 Stab: Sleeping          |     1 |     2 |       |     1 |       |       |       ||     4
       Invisible         |       |       |       |     1 |       |       |       ||     1
       Paralysed         |       |       |       |       |     9 |       |       ||     9
Armor: Robe              |    20 |    41 |    51 |    26 |       |       |       ||   138
       Troll leather arm |       |       |       |    78 |   335 |   125 |       ||   538
       Fire dragon scale |       |       |       |       |       |   252 |    61 ||   313
       Skin              |       |       |       |       |       |     2 |       ||     2
Dodge: Dodged            |    30 |    55 |   154 |   130 |   493 |   399 |    41 ||  1302
       Repelled          |       |       |     4 |       |       |       |       ||     4
Block: Tower shield      |       |       |       |   326 |  1556 |  1783 |   146 ||  3811
       Reflection        |       |       |       |       |       |    94 |     3 ||    97

Levels and vault maps discovered:
D:1:      ncdulo_watergridlock, layout_basic, st_stairs_7
D:2:      layout_loops_corners
D:3:      layout_basic, mainiacjoe_overflow_alcove_2,
          chequers_ecumenical_altar_simple, nicolae_titane
D:4:      layout_basic, uniq_blork_the_orc
D:5:      layout_loops_corners, minmay_overflow_temple_hex,
          minmay_temple_entry_junction
D:6:      layout_layer_cave, nicolae_ru_sacrificial_ziggurat
D:7:      layout_rooms, water_boxes_lemuel
D:8:      layout_basic, dpeg_lair_monsters, minmay_crossroads
D:9:      layout_rooms
D:10:     layout_long_grid, uniq_erolcha
D:11:     evilmike_library_of_no_secrets, layout_basic,
          chequers_serial_rivers_small_3, kennysheep_generic_room_10
D:12:     layout_loops_cross, minivault_1
D:13:     layout_loops_ring, serial_shops, bzr_entry_safe
D:14:     layout_gridville, lightli_vaults_fourway_checkpoint,
          amcnicky_mini_rare_corridor_liquid, uniq_kirke
D:15:     hangedman_depths_entry_civil_slaughter, layout_basic,
          serial_bayou_lagoon_a, minmay_gold_behind_fungi, uniq_josephine
Lair:1:   layout_gridlike
Lair:2:   layout_layer_cave, nicolae_spider_entry_non_spiders
Lair:3:   layout_roguey [special_room_bee], minmay_shoals_entry_beasts,
          uniq_nergalle
Lair:4:   layout_gridlike, special_room [special_room_mythical_zoo]
Lair:5:   evil_forest, layout_misc_corridors, minmay_slime_entry_oklob_open,
          special_room [special_room_mythical_zoo], infiniplex_staircase_pool_2,
          grunt_megastairs_1
Shoals:1: layout_shoals, uniq_nikola, uniq_donald
Shoals:2: layout_shoals, uniq_ilsuiw, uniq_mlioglotl
Shoals:3: layout_shoals, serial_shops, nicolae_lakefront_shop, uniq_polyphemus,
          uniq_mara
Shoals:4: shoals_end_grunt_ice, layout_shoals, shoal_ilsuiw,
          nicolae_shoals_water_shrine, uniq_roxanne
Spider:1: layout_spider_delve
Spider:2: layout_spider_delve, uniq_louise
Spider:3: layout_cave_pods, nicolae_spider_rock_and_or_roll
Orc:1:    cheibrodos_orc_bank, layout_caves, uniq_urug
Orc:2:    st_orc_open, layout_diamond_mine, basic_altar, mines1_david
Elf:1:    layout_loops_ring, portal_ice_cave_entry_pillars_four,
          minmay_elf_necromancy
Elf:2:    nicolae_elf_blades_crystal_corner, layout_onion_city, serial_shops,
          shop_coins, minivault_4, st_stairs_14, door_vault, minmay_shop_grove,
          uniq_azrael
Elf:3:    minmay_elf_hall_curves, layout_geoelf_diagonals
Vaults:1: vaults_dpeg_emergency_exit, hangedman_vaults_snaps,
          nicolae_vaults_little_ls, v_pattern_4,
          nicolae_vaults_yaktaur_gun_rack, ontoclasm_vaults_eye,
          layout_vaults_quadrants
Vaults:2: nicolae_vaults_circle_grid_a, vaults_standard_mumra_enter_the_diamond,
          nicolae_vaults_network_s, nicolae_vaults_little_squares_6,
          ontoclasm_vaults_idyll, nicolae_vaults_what_the_h,
          grunt_vaults_funnel, vaults_room_ringed_pool,
          ontoclasm_vaults_decontamination, nicolae_vaults_little_squares_4,
          minmay_crypt_entry_simple_statues,
          nicolae_vaults_windows_and_doors_thing, v_misc_2,
          nicolae_vaults_circle_grid_a, layout_vaults_omnibox, serial_shops,
          nicolae_shop_hallway_stairs, uniq_jory, uniq_saint_roka, uniq_asterion
Depths:1: layout_gridlike, abyss_entry, minmay_misc_feat_nine_boxes,
          grunt_hell_horde, pan_entry, hangedman_abyss_or_decor_passed,
          nicolae_kikubaaqudgha_miasma_corner
Depths:2: hangedman_six_sided_sadism, layout_cross, enter_ziggurat_a,
          rand_demon_pan_entry_9, hangedman_coc_ice_floe, serial_shops,
          kennysheep_mini_moat, hangedman_corner_corridor

Notes
Turn   | Place    | Note
-------+----------+-------------------------------------------
     0 | D:1      | MackTheKnife the Troll Cinder Acolyte began the quest for
                  | the Orb.
     0 | D:1      | Reached XP level 1. HP: 22/22 MP: 1/1
     0 | D:1      | magus.rc [v1.9.6]
   327 | D:1      | Reached XP level 2. HP: 29/29 MP: 2/2
   686 | D:2      | Reached skill level 4 in Unarmed Combat
   721 | D:2      | Reached XP level 3. HP: 36/36 MP: 3/3
   728 | D:2      | You pick up a book of the Senses and begin reading...
   728 | D:2      | You add the spells Dazzling Flash, Agony and Silence to
                  | your library.
  1255 | D:2      | Reached XP level 4. HP: 39/44 MP: 4/4
  1507 | D:3      | Found a faded altar of an unknown god.
  1519 | D:3      | Reached skill level 5 in Unarmed Combat
  2068 | D:3      | Found a blossoming altar of Fedhas.
  2264 | D:4      | Reached XP level 5. HP: 50/50 MP: 5/5
  2355 | D:4      | Reached skill level 6 in Unarmed Combat
  2508 | D:4      | Noticed Blork the orc
  2516 | D:4      | Killed Blork the orc
  2517 | D:4      | Reached XP level 6. HP: 54/59 MP: 2/6
  2682 | D:4      | Reached skill level 7 in Unarmed Combat
  2823 | D:5      | Entered Level 5 of the Dungeon
  2854 | D:5      | Found a staircase to the Ecumenical Temple.
  3033 | D:5      | Found a radiant altar of Vehumet.
  3035 | D:5      | Found a burning altar of Makhleb.
  3035 | D:5      | Found a bloodstained altar of Trog.
  3035 | D:5      | Found an ornate altar of the Wu Jian Council.
  3048 | D:5      | Found a glowing golden altar of the Shining One.
  3048 | D:5      | Found a white marble altar of Elyvilon.
  3327 | D:5      | Reached skill level 8 in Unarmed Combat
  3478 | D:5      | Reached XP level 7. HP: 66/66 MP: 7/7
  4086 | D:6      | Reached skill level 9 in Unarmed Combat
  4149 | D:6      | Found a sacrificial altar of Ru.
  4298 | D:6      | Reached XP level 8. HP: 70/74 MP: 8/8
  4513 | D:6      | Reached skill level 3 in Fighting
  4518 | D:6      | Reached skill level 10 in Unarmed Combat
  5111 | D:6      | Reached skill level 4 in Fighting
  5334 | D:6      | Reached XP level 9. HP: 63/87 MP: 7/9
  5364 | D:6      | Reached skill level 5 in Fighting
  5364 | D:6      | Reached skill level 11 in Unarmed Combat
  6271 | D:8      | Reached skill level 6 in Fighting
  6386 | D:8      | Noticed a death yak
  6386 | D:8      | Noticed a death yak
  6386 | D:8      | Noticed a death yak
  6386 | D:8      | Noticed a death yak
  6386 | D:8      | Noticed a death yak
  6391 | D:8      | Noticed a death yak
  6399 | D:8      | Reached skill level 1 in Shields
  6403 | D:8      | Killed a death yak
  6404 | D:8      | Reached skill level 4 in Shields
  6404 | D:8      | Noticed a death yak
  6404 | D:8      | Noticed a death yak
  6411 | D:8      | Killed a death yak
  6412 | D:8      | Reached skill level 5 in Shields
  6412 | D:8      | Reached XP level 10. HP: 98/98 MP: 10/10
  6416 | D:8      | Killed a death yak
  6417 | D:8      | Reached skill level 6 in Shields
  6422 | D:8      | Killed a death yak
  6423 | D:8      | Reached skill level 7 in Shields
  6429 | D:8      | Killed a death yak
  6430 | D:8      | Reached skill level 8 in Shields
  6431 | D:8      | Noticed a death yak
  6438 | D:8      | Killed a death yak
  6444 | D:8      | Killed a death yak
  6445 | D:8      | Reached skill level 9 in Shields
  6449 | D:8      | Killed a death yak
  6454 | D:8      | Killed a death yak
  6455 | D:8      | Reached skill level 10 in Shields
  6455 | D:8      | Reached XP level 11. HP: 86/105 MP: 7/11
  6488 | D:8      | Found a staircase to the Lair.
  7048 | D:9      | Reached skill level 11 in Shields
  7191 | D:9      | Noticed a two-headed ogre
  7202 | D:9      | Killed a two-headed ogre
  7345 | D:9      | Found a staircase to the Orcish Mines.
  7460 | D:9      | Reached skill level 12 in Shields
  7488 | D:10     | Entered Level 10 of the Dungeon
  7579 | D:10     | Identified the +8 rapier of Oenomania {flame, Str+4}
  7636 | D:10     | Noticed a centaur warrior
  7645 | D:10     | Killed a centaur warrior
  7773 | D:10     | Reached skill level 13 in Shields
  8019 | D:10     | Noticed Erolcha
  8037 | D:10     | Killed Erolcha
  8123 | D:10     | Reached XP level 12. HP: 113/114 MP: 10/12
  8732 | D:11     | Reached skill level 14 in Shields
  9022 | D:11     | Reached skill level 15 in Shields
  9072 | D:11     | You add the spells Fulminant Prism, Borgnjor's Vile Clutch,
                  | Death Channel, Borgnjor's Revivification and Necromutation
                  | to your library.
  9072 | D:11     | Got Vuunutt's Compilation of Shadowy Execration {@e2}
  9097 | D:11     | Found a shimmering blue altar of Sif Muna.
  9134 | D:11     | Noticed a deep elf sorcerer
  9135 | D:11     | Noticed a deep elf death mage
  9143 | D:11     | Killed a deep elf sorcerer
  9151 | D:11     | Killed a deep elf death mage
  9166 | D:11     | You add the spells Sting, Mephitic Cloud, Animate Armour
                  | and Shatter to your library.
  9166 | D:11     | Got the Octavo of Stones and Blight
  9168 | D:11     | You pick up a book of Blasting and begin reading...
  9168 | D:11     | You add the spells Kindle Blastsparks, Iskenderun's Mystic
                  | Blast and Lee's Rapid Deconstruction to your library.
  9178 | D:11     | You add the spells Sublimation of Blood, Animate Dead,
                  | Simulacrum and Haunt to your library.
  9178 | D:11     | Got Gloorx Vloq's Parchment of Evil Secrets
  9180 | D:11     | You pick up a book of Conjurations {@e2} and begin
                  | reading...
  9180 | D:11     | You add the spells Magic Dart and Searing Ray to your
                  | library.
  9256 | D:11     | HP: 27/114 [tengu conjurer/bolt of lightning (28)]
  9398 | Lair:1   | Entered Level 1 of the Lair of Beasts
  9408 | Lair:1   | Reached skill level 16 in Shields
  9773 | Lair:1   | Reached XP level 13. HP: 109/122 MP: 9/13
  9782 | Lair:1   | Reached skill level 12 in Unarmed Combat
 10161 | Lair:1   | Identified the +5 quarterstaff "Ziblu" {venom, rCorr}
 10805 | Lair:2   | Reached skill level 7 in Fighting
 10822 | Lair:2   | Found a hole to the Spider Nest.
 12092 | Lair:3   | Reached skill level 13 in Unarmed Combat
 12105 | Lair:3   | Reached skill level 8 in Fighting
 12143 | Lair:3   | Found a staircase to the Shoals.
 12248 | Lair:3   | HP: 30/127 [poisoned by a killer bee]
 12477 | Lair:3   | Noticed Nergalle
 12487 | Lair:3   | Killed Nergalle
 12833 | Lair:4   | Reached skill level 1 in Evocations
 12858 | Lair:4   | Reached skill level 2 in Evocations
 12891 | Lair:4   | Reached skill level 3 in Evocations
 13032 | Lair:4   | HP: 29/128 [six-headed hydra (12)]
 13147 | Lair:4   | Reached skill level 4 in Evocations
 13257 | Lair:4   | Gained mutation: You are robust. (+10% HP) [potion of
                  | mutation]
 13257 | Lair:4   | Gained mutation: You have sharp toenails. [potion of
                  | mutation]
 13276 | Lair:5   | Entered Level 5 of the Lair of Beasts
 13353 | Lair:5   | Reached XP level 14. HP: 150/150 MP: 12/14
 13366 | Lair:5   | Reached skill level 5 in Evocations
 13539 | Lair:5   | Found a staircase to the Slime Pits.
 13658 | Lair:5   | Reached skill level 6 in Evocations
 13756 | Lair:5   | Reached skill level 7 in Evocations
 14359 | Orc:1    | Entered Level 1 of the Orcish Mines
 14371 | Orc:1    | Reached skill level 9 in Fighting
 14410 | Orc:1    | Noticed an orc warlord
 14474 | D:9      | Killed an orc warlord
 15082 | Orc:1    | Noticed Urug
 15096 | Orc:1    | Killed Urug
 15214 | Orc:2    | Entered Level 2 of the Orcish Mines
 15224 | Orc:2    | Reached skill level 10 in Fighting
 15299 | Orc:2    | Found a staircase to the Elven Halls.
 15448 | Orc:2    | HP: 37/157 [orc warrior/bolt (13)]
 15572 | Orc:1    | HP: 35/158 [troll (14)]
 15715 | Elf:1    | Entered Level 1 of the Elven Halls
 15787 | Orc:2    | Reached skill level 11 in Fighting
 15959 | Orc:2    | Found Dunnukk's Jewellery Shop.
 15973 | Orc:2    | Found Hapnol Coa's Armour Boutique.
 16050 | Orc:2    | Reached XP level 15. HP: 165/169 MP: 15/15
 16113 | Orc:2    | Found Yxitieji's Jewellery Shoppe.
 16150 | Orc:2    | Found Qeoth's Armour Shop.
 16163 | Orc:2    | Bought the ring "Xerhegig" {Fire rElec rN+ rCorr Slay+2}
                  | for 743 gold pieces
 17030 | D:11     | You add the spells Kiss of Death, Cigotuvi's Dreadful Rot
                  | and Fire Storm to your library.
 17030 | D:11     | Got the Encyclopedia of Death and the Pyromaniac
 17051 | D:11     | Identified a +2 robe of the Archmagi
 17058 | D:11     | Reached skill level 12 in Fighting
 17084 | D:11     | Identified the +6 ring mail of the Harvest {rElec rN+}
 17980 | D:13     | Reached skill level 14 in Unarmed Combat
 18104 | D:13     | Found a flickering gateway to a bazaar.
 18110 | Bazaar   | Entered a bazaar
 18110 | Bazaar   | Found Qeuryum's Magic Scroll Emporium.
 18110 | Bazaar   | Found Ujug's General Store.
 18110 | Bazaar   | Found Ritas's General Store.
 18112 | Bazaar   | Found Ylopiocs's Armour Shoppe.
 18123 | Bazaar   | Bought a potion of resistance for 110 gold pieces
 18126 | Bazaar   | Bought a scroll of teleportation for 36 gold pieces
 18126 | Bazaar   | Bought a scroll of teleportation for 36 gold pieces
 18135 | Bazaar   | Bought a wand of mindburst (7) for 166 gold pieces
 18446 | D:13     | Identified the +11 short sword "Byq Zis" {vorpal, rElec rN+
                  | rCorr SInv}
 19477 | D:14     | Noticed Kirke
 19484 | D:14     | Reached skill level 15 in Unarmed Combat
 19496 | D:14     | HP: 35/172 [freezing wraith (21)]
 19705 | D:14     | Killed Kirke
 19743 | D:14     | Found a gate to the Vaults.
 19945 | D:14     | Reached skill level 16 in Unarmed Combat
 20479 | D:15     | Entered Level 15 of the Dungeon
 20571 | D:15     | Found a staircase to the Depths.
 20607 | D:15     | Noticed Josephine
 20615 | D:15     | Killed Josephine
 20629 | D:14     | Reached XP level 16. HP: 180/181 MP: 16/16
 20887 | D:15     | Reached skill level 17 in Unarmed Combat
 20990 | D:14     | magus.rc [v1.9.6]
 21141 | Spider:1 | Entered Level 1 of the Spider Nest
 21156 | Spider:1 | Paralysed by a jorogumo for 2 turns
 21159 | Spider:1 | HP: 42/181 [steelbarb worm (8)]
 21164 | Lair:2   | HP: 36/174 [jorogumo/bolt of negative energy (23)]
 21169 | Lair:2   | HP: 54/261 [steelbarb worm (20)]
 21286 | Shoals:1 | Entered Level 1 of the Shoals
 22116 | D:15     | Reached skill level 1 in Throwing
 22139 | D:15     | Reached skill level 2 in Throwing
 22142 | D:15     | Identified the +1 sling of Iciseaz {antimagic, Will+ Int+4
                  | Dex+3 Stlth+}
 22180 | D:15     | Reached skill level 3 in Throwing
 22272 | D:15     | You add the spells Poisonous Vapours and Olgreb's Toxic
                  | Radiance to your library.
 22373 | Depths:1 | Entered Level 1 of the Depths
 22430 | Depths:1 | Reached skill level 4 in Throwing
 22645 | Depths:1 | Reached skill level 5 in Throwing
 22677 | Depths:1 | HP: 29/181 [jiangshi[a vampire mage] (19)]
 22684 | Depths:1 | HP: 41/181 [jiangshi[a vampire mage] (10)]
 22735 | Depths:1 | Noticed a walking frostbound tome
 22760 | Depths:1 | Found a one-way gate leading to the halls of Pandemonium.
 22822 | Depths:2 | Reached skill level 6 in Throwing
 22854 | Depths:2 | Found a one-way gateway to a ziggurat.
 22963 | Depths:1 | HP: 44/181 [spark wasp (25)]
 22963 | Depths:1 | HP: 20/181 [spark wasp (5)]
 23194 | D:15     | magus.rc [v1.9.6]
 23205 | Depths:1 | Reached skill level 7 in Throwing
 23231 | Depths:1 | Killed a walking frostbound tome
 23324 | Depths:1 | Found an ancient bone altar of Kikubaaqudgha.
 23366 | Depths:1 | HP: 8/181 [stone giant/large rock (52)]
 23700 | Depths:1 | Reached skill level 8 in Throwing
 23752 | Depths:1 | Found a one-way gate to the infinite horrors of the Abyss.
 23787 | Depths:1 | Found a gateway to Hell.
 23787 | Depths:1 | Noticed a hellephant
 23787 | Depths:1 | Noticed a hellephant
 23894 | D:15     | Killed a hellephant
 23985 | Depths:1 | Killed a hellephant
 23986 | Depths:1 | Reached skill level 9 in Throwing
 24787 | Shoals:1 | Reached XP level 17. HP: 142/189 MP: 17/17
 24992 | Shoals:1 | Noticed Donald
 25010 | Shoals:1 | Killed Donald
 25011 | Shoals:1 | Reached skill level 10 in Throwing
 25012 | Shoals:1 | X - a +0 double sword of electrocution {longrare=g}
 25196 | Shoals:1 | Noticed Nikola
 25235 | Shoals:1 | HP: 47/189 [centaur warrior/arrow (8)]
 25236 | Shoals:1 | HP: 23/189 [Nikola/+0 rapier of electrocution (9)]
 25239 | Shoals:1 | Killed Nikola
 25240 | Shoals:1 | Reached skill level 1 in Armour
 25240 | Shoals:1 | Reached skill level 1 in Dodging
 25461 | Shoals:1 | Identified the +0 spear of Faylate {freeze, rF+ Will+}
 25508 | Shoals:1 | You drop a +0 double sword of electrocution {longrare=g}.
 25536 | Shoals:1 | Got the Disquisition on Spellbinding and Venom
 25549 | Shoals:1 | X - a +0 double sword of electrocution {longrare=g}
 25622 | Shoals:1 | Reached skill level 2 in Armour
 25622 | Shoals:1 | Reached skill level 2 in Dodging
 25636 | Shoals:1 | HP: 44/189 [harpy (10)]
 25773 | Shoals:1 | magus.rc [v1.9.6]
 25928 | Shoals:2 | Identified the +1 pair of boots of the Bells {Rampage
                  | *Corrode rN++ Int+4}
 25943 | Shoals:2 | Reached skill level 3 in Armour
 25943 | Shoals:2 | Reached skill level 3 in Dodging
 25946 | Shoals:2 | HP: 46/189 [harpy (8)]
 25952 | Shoals:2 | HP: 41/189 [harpy (4)]
 26214 | Shoals:2 | Noticed Ilsuiw
 26214 | Shoals:2 | Noticed Mlioglotl
 26256 | Shoals:3 | You pick up a book of Air and begin reading...
 26256 | Shoals:3 | You add the spells Shock, Swiftness and Airstrike to your
                  | library.
 26272 | Shoals:3 | Noticed Polyphemus
 26307 | Shoals:3 | Reached skill level 4 in Armour
 26311 | Shoals:3 | Reached skill level 4 in Dodging
 26420 | Shoals:3 | Killed Polyphemus
 26515 | Shoals:3 | Noticed Mara
 26540 | Shoals:4 | Entered Level 4 of the Shoals
 26619 | Shoals:4 | Reached skill level 5 in Dodging
 26794 | Shoals:4 | Reached skill level 6 in Dodging
 26794 | Shoals:4 | HP: 41/189 [merfolk javelineer/silver javelin (16)]
 26794 | Shoals:4 | HP: 20/189 [merfolk javelineer/silver javelin (1)]
 26800 | Shoals:4 | HP: 19/189 [merfolk javelineer/silver javelin (14)]
 26941 | Shoals:4 | HP: 47/189 [merfolk javelineer/silver javelin (13)]
 27085 | Shoals:4 | Got a barnacled rune of Zot
 27585 | Vaults:1 | Entered Level 1 of the Vaults
 28147 | Vaults:1 | Reached skill level 18 in Unarmed Combat
 28647 | Vaults:1 | You pick up a book of Dangerous Friends and begin
                  | reading...
 28647 | Vaults:1 | You add the spells Summon Guardian Golem, Orb of
                  | Destruction and Spellforged Servitor to your library.
 28805 | Vaults:1 | You pick up a book of the Senses and begin reading...
 28813 | Vaults:1 | Reached XP level 18. HP: 193/202 MP: 18/18
 28896 | Vaults:1 | Reached skill level 5 in Armour
 29657 | Elf:1    | Reached skill level 6 in Armour
 29911 | Elf:1    | You add the spells Necrotise and Vampiric Draining to your
                  | library.
 29911 | Elf:1    | Got the Incunable of Dark Rites
 29979 | Elf:1    | Reached skill level 7 in Armour
 30521 | Elf:1    | You drop a +0 double sword of electrocution {longrare=g}.
 30686 | Elf:2    | Reached skill level 8 in Armour
 30815 | Elf:2    | Found Ydoda's Magic Scroll Shop.
 30829 | Elf:2    | Noticed Azrael
 30842 | Elf:2    | Killed Azrael
 30862 | Elf:2    | Found a huge runed gate.
 30862 | Elf:2    | Found a huge runed gate.
 30862 | Elf:2    | Found a huge runed gate.
 30862 | Elf:2    | Found a huge runed gate.
 30862 | Elf:2    | Found a huge runed gate.
 30862 | Elf:2    | Found a huge runed gate.
 30862 | Elf:2    | Found a huge runed gate.
 30862 | Elf:2    | Found a huge runed gate.
 30862 | Elf:2    | Found a huge runed gate.
 30862 | Elf:2    | Found a huge runed gate.
 30866 | Elf:2    | Bought a scroll of blinking for 120 gold pieces
 30866 | Elf:2    | Bought 3 scrolls of teleportation for 144 gold pieces
 30889 | Elf:2    | Found a huge runed gate.
 30943 | Elf:2    | Found a huge runed gate.
 30951 | Elf:2    | Found a huge runed gate.
 30951 | Elf:2    | Found a huge runed gate.
 30952 | Elf:2    | Found a huge runed gate.
 30953 | Elf:2    | Found a huge runed gate.
 30957 | Elf:2    | Found a huge runed gate.
 30957 | Elf:2    | Found a huge runed gate.
 30958 | Elf:2    | Found a huge runed gate.
 30964 | Elf:2    | Found a huge runed gate.
 30964 | Elf:2    | Found a huge runed gate.
 30964 | Elf:2    | Found a huge runed gate.
 30964 | Elf:2    | Found a huge runed gate.
 30964 | Elf:2    | Found a huge runed gate.
 30964 | Elf:2    | Found a huge runed gate.
 30965 | Elf:2    | Found a huge runed gate.
 30966 | Elf:2    | Found a huge runed gate.
 30967 | Elf:2    | Found a huge runed gate.
 30975 | Elf:2    | Found a huge runed gate.
 30975 | Elf:2    | Found a huge runed gate.
 30975 | Elf:2    | Found a huge runed gate.
 30975 | Elf:2    | Found a huge runed gate.
 30975 | Elf:2    | Found a huge runed gate.
 30975 | Elf:2    | Found a huge runed gate.
 30976 | Elf:2    | Found a huge runed gate.
 30977 | Elf:2    | Found a huge runed gate.
 31210 | Elf:2    | Reached skill level 9 in Armour
 31744 | Elf:2    | Found Ebleliar's Jewellery Shoppe.
 31745 | Elf:2    | Found Xyz Ket's Book Shop.
 31752 | Elf:2    | Found Ysof Duu's Jewellery Shoppe.
 31761 | Elf:2    | Bought a ring of poison resistance for 320 gold pieces
 31978 | Elf:2    | Found a runed translucent gate.
 31987 | Elf:2    | Found a runed translucent gate.
 31988 | Elf:2    | Found a runed translucent gate.
 32022 | Elf:3    | Entered Level 3 of the Elven Halls
 32065 | Elf:2    | magus.rc [v1.9.6]
 32339 | Lair:2   | Reached skill level 10 in Armour
 32732 | Spider:1 | Identified the +8 quarterstaff of the Abyss {venom, Str+3
                  | Dex+5}
 33364 | Elf:2    | Bought a manual of Shields for 1440 gold pieces
 33560 | Spider:2 | Noticed Louise
 33820 | Spider:2 | You pick up a book of Decay and begin reading...
 34451 | Spider:3 | Reached skill level 17 in Shields
 34733 | Spider:3 | Reached XP level 19. HP: 174/211 MP: 19/19
 35051 | Spider:3 | Reached skill level 18 in Shields
 36272 | Vaults:1 | HP: 35/203 [tengu reaver/bolt of cold (36)]
 36277 | Vaults:1 | HP: 30/203 [poisoned by a tengu reaver]
 36278 | Vaults:1 | Killed from afar by a tengu reaver

Vanquished Creatures
  Nikola (Shoals:1)
  2 hellephants
  A walking frostbound tome (Depths:1)
  Polyphemus (Shoals:3)
  A sphinx (Vaults:1)
  Kirke (D:14)
  3 frost giants
  3 deep elf sorcerers
  2 fire giants
  Donald (Shoals:1)
  An emperor scorpion (Spider:3)
  3 ghost moths
  An orc warlord (D:9)
  3 stone giants (Depths:1)
  3 ironbound preservers
  A broodmother (Spider:3)
  3 very ugly things (Vaults:1)
  A deep elf demonologist (Elf:2)
  3 spark wasps (Depths:1)
  Azrael (Elf:2)
  A dire elephant (Vaults:1)
  An ettin (D:15)
  3 deep elf death magi
  5 fire dragons
  4 merfolk javelineers (Shoals:4)
  Josephine (D:15)
  4 entropy weavers
  A great orb of eyes (Vaults:1)
  4 merfolk impalers
  4 vault guards (D:14)
  3 jiangshi (Depths:1)
  Erolcha (D:10)
  An entropy weaver (shapeshifter) (Elf:1)
  4 hydras
  A rakshasa (D:15)
  4 yaktaur captains (Vaults:1)
  2 jorogumos
  2 merfolk avatars
  2 ice dragons
  8 centaur warriors
  2 ironbound frosthearts (Vaults:1)
  3 ogre magi
  2 radroaches (Spider:3)
  A death knight (D:15)
  10 boulder beetles
  2 catoblepae
  13 two-headed ogres
  10 dancing weapons
  2 merfolk aquamancers (Shoals:4)
  A vampire mage (Depths:1)
  11 death yaks
  3 satyrs
  7 hell hogs
  6 tengu warriors
  Urug (Orc:1)
  A hell knight (D:15)
  10 deep elf knights
  Nergalle (Lair:3)
  9 skeletal warriors (D:14)
  2 sun moths (Spider:3)
  5 sea snakes
  3 steelbarb worms
  3 orb spiders
  4 wizards
  10 deep trolls
  2 lindwurms
  5 orc knights
  12 deep elf archers
  9 harpies
  15 deep elf zephyrmancers
  3 orc sorcerers
  A necromancer (D:15)
  8 wolf spiders
  6 cyclopes
  11 manticores
  14 deep elf pyromancers
  37 ugly things
  3 merfolk sirens
  4 fauns
  A moth of wrath (Spider:3)
  14 elephants
  A vault sentinel (Vaults:2)
  A water nymph (Shoals:1)
  5 black mambas
  A gargoyle (D:11)
  A torpor snail (Spider:1)
  6 cane toads
  6 komodo dragons
  An unseen horror (shapeshifter) (D:13)
  An efreet (D:15)
  3 unseen horrors (D:10)
  10 rime drakes
  8 demonic crawlers
  8 kobold demonologists
  A freezing wraith (D:14)
  8 yaktaurs (Vaults:1)
  9 tengu conjurers
  9 merfolk
  A queen bee (Lair:3)
  3 meliai (Spider:3)
  A polar bear (Lair:5)
  5 wind drakes
  17 trolls
  30 slime creatures
  10 tarantellas
  4 hornets
  6 dream sheep
  9 blink frogs
  6 snapping turtles
  19 jumping spiders
  5 shadows
  8 water elementals
  6 wraiths
  8 culicivoras
  13 wyverns
  70 yaks
  6 fire elementals
  3 hogs
  36 redbacks
  4 basilisks
  13 vampire mosquitoes
  3 steam dragons
  A naga (shapeshifter) (D:14)
  3 wargs
  An acid dragon (D:14)
  6 hell hounds
  12 water moccasins
  A black bear (D:6)
  28 orc warriors
  An ice beast (D:6)
  6 boggarts
  21 ogres
  A phantom (D:6)
  13 wolves
  9 centaurs
  2 elf zombies (Elf:1)
  2 kobold brigands (D:8)
  Blork the orc (D:4)
  A necrophage (D:8)
  12 bullfrogs
  4 earth elementals
  4 scorpions
  13 wights
  28 killer bees
  2 electric eels
  3 howler monkeys
  5 jellies
  16 orc priests
  A gnoll bouda (D:6)
  A hound (D:4)
  5 iguanas
  22 orc wizards
  5 hell rats
  6 gnolls
  9 adders
  3 white imps
  5 worms
  3 dart slugs
  106 orcs
  4 ball pythons
  4 endoplasms
  5 giant cockroaches
  5 goblins
  15 hobgoblins
  4 jackals (D:3)
  4 quokkas
  4 bats
  4 frilled lizards
  15 kobolds
  3 rats
1153 creatures vanquished.

Vanquished Creatures (others)
  A deep elf knight (Elf:1)
  A deep elf pyromancer (Elf:2)
  A warg (Orc:1)
  A large abomination (Elf:1)
  2 elf zombies (Elf:1)
  23 foxfires (D:10)
  27 fungi
  130 plants
  6 toadstools (D:15)
192 creatures vanquished.

Grand Total: 1345 creatures vanquished

Table legend:
 A = Non-vault XP
 B = Vault XP
 C = Vault XP percentage of total XP
 D = Non-vault monster count
 E = Vault monster count
 F = Vault count percentage of total count
                 A         B        C        D         E       F
            +---------+---------+-------+---------+---------+-------
      Total |  273964 |  114469 |  29.5 |     897 |     259 |  22.4
            +---------+---------+-------+---------+---------+-------
        D:1 |      17 |       2 |  10.5 |      10 |       1 |   9.1
        D:2 |      82 |       0 |   0.0 |      21 |       0 |   0.0
        D:3 |      63 |       0 |   0.0 |      25 |       0 |   0.0
        D:4 |     245 |      90 |  26.9 |      24 |       1 |   4.0
        D:5 |     391 |       0 |   0.0 |      12 |       0 |   0.0
        D:6 |    1752 |       0 |   0.0 |      53 |       0 |   0.0
        D:7 |    1007 |       0 |   0.0 |      17 |       0 |   0.0
        D:8 |    2276 |    7488 |  76.7 |      33 |      13 |  28.3
        D:9 |    4640 |       0 |   0.0 |      17 |       0 |   0.0
       D:10 |    4312 |     878 |  16.9 |      18 |       1 |   5.3
       D:11 |    5097 |   10858 |  68.1 |      27 |      21 |  43.8
       D:12 |    4633 |       0 |   0.0 |      16 |       0 |   0.0
       D:13 |    8063 |     394 |   4.7 |      21 |       2 |   8.7
       D:14 |   22295 |    9134 |  29.1 |      41 |      15 |  26.8
       D:15 |   13696 |    9532 |  41.0 |      31 |      12 |  27.9
     Lair:1 |    4388 |       0 |   0.0 |      16 |       0 |   0.0
     Lair:2 |   15039 |    1092 |   6.8 |      52 |       8 |  13.3
     Lair:3 |    3882 |    3436 |  47.0 |      18 |      28 |  60.9
     Lair:4 |    7372 |     145 |   1.9 |      24 |       1 |   4.0
     Lair:5 |   11651 |    7471 |  39.1 |      38 |      31 |  44.9
   Shoals:1 |   11563 |    3519 |  23.3 |      22 |       2 |   8.3
   Shoals:2 |    8936 |       0 |   0.0 |      17 |       0 |   0.0
   Shoals:3 |    9021 |    3981 |  30.6 |      17 |       4 |  19.0
   Shoals:4 |    2385 |   10354 |  81.3 |       6 |      13 |  68.4
   Spider:1 |    4544 |       0 |   0.0 |      12 |       0 |   0.0
   Spider:2 |    8852 |       0 |   0.0 |      22 |       0 |   0.0
   Spider:3 |   21761 |    3339 |  13.3 |      56 |       4 |   6.7
      Orc:1 |    5204 |    2961 |  36.3 |      52 |      21 |  28.8
      Orc:2 |    3570 |   12955 |  78.4 |      44 |      32 |  42.1
      Elf:1 |   17040 |    2599 |  13.2 |      26 |       6 |  18.8
      Elf:2 |   20395 |    6917 |  25.3 |      37 |      15 |  28.8
   Vaults:1 |   22679 |    8991 |  28.4 |      40 |      19 |  32.2
   Vaults:2 |     120 |    1563 |  92.9 |       1 |       2 |  66.7
   Depths:1 |   24134 |    6770 |  21.9 |      28 |       7 |  20.0
   Depths:2 |    2859 |       0 |   0.0 |       3 |       0 |   0.0
            +---------+---------+-------+---------+---------+-------

Illustrated notes

Table legend:
 A = Kills in this place as a percentage of kills in entire the game.
 B = Kills by you in this place as a percentage of kills by you in the entire game.
 C = Kills by friends in this place as a percentage of kills by friends in the entire game.
 D = Other kills in this place as a percentage of other kills in the entire game.
 E = Experience gained in this place as a percentage of experience gained in the entire game.
 F = Experience gained in this place divided by the number of levels of this place that you have seen.
                   A       B       C       D       E      F
               +-------+-------+-------+-------+-------+----------------------
         Total | 100.0 | 100.0 |   N/A | 100.0 | 100.0 | 10498.2
       Dungeon |  37.4 |  37.5 |   N/A |   0.0 |  27.5 | 7129.7
          Lair |  18.7 |  18.7 |   N/A |   0.0 |  14.0 | 10895.2
        Shoals |   7.0 |   7.0 |   N/A |   0.0 |  12.8 | 12439.8
   Spider Nest |   8.1 |   8.2 |   N/A |   0.0 |   9.9 | 12832.0
  Orcish Mines |  12.9 |  12.8 |   N/A |  33.3 |   6.4 | 12345.0
   Elven Halls |   7.3 |   7.1 |   N/A |  66.7 |  12.1 | 15650.3
        Vaults |   5.4 |   5.4 |   N/A |   0.0 |   8.6 | 16676.5
        Depths |   3.3 |   3.3 |   N/A |   0.0 |   8.7 | 16881.5
               +-------+-------+-------+-------+-------+----------------------

Table legend: (Time is in decaauts)
 A = Elapsed time spent in this place.
 B = Non-inter-level travel time spent in this place.
 C = Inter-level travel time spent in this place.
 D = Time resting spent in this place.
 E = Time spent auto-exploring this place.
 F = Levels seen in this place.
 G = Mean time per level.
                   A        B        C        D        E       F      G
               +--------+--------+--------+--------+--------+-----+--------+
         Total |  35831 |  32487 |   3344 |   4195 |  17780 |  37 |  968.4 |
       Dungeon |  15172 |  13666 |   1506 |   1144 |   9002 |  15 | 1011.5 |
          Lair |   6217 |   5327 |    890 |    426 |   3091 |   5 | 1243.4 |
        Shoals |   2286 |   2183 |    103 |    537 |    213 |   4 |  571.5 |
   Spider Nest |   3095 |   2869 |    226 |    501 |   1617 |   3 | 1031.7 |
  Orcish Mines |   2341 |   2130 |    211 |    241 |   1101 |   2 | 1170.5 |
   Elven Halls |   2626 |   2388 |    238 |    540 |   1101 |   3 |  875.3 |
        Vaults |   2102 |   1960 |    142 |    430 |    908 |   2 | 1051.0 |
        Depths |   1957 |   1932 |     25 |    376 |    745 |   2 |  978.5 |
        Bazaar |     31 |     31 |      0 |      0 |      0 |   1 |   31.0 |
               +--------+--------+--------+--------+--------+-----+--------+

Top non-repeatable levels by time:
  Lair:2: 2193 daAuts
Vaults:1: 2013 daAuts
Depths:1: 1866 daAuts
    D:14: 1751 daAuts
Spider:3: 1494 daAuts
     D:6: 1363 daAuts
  Lair:1: 1362 daAuts
   Elf:1: 1357 daAuts
    D:13: 1273 daAuts
    D:10: 1269 daAuts
   Orc:1: 1261 daAuts
    D:11: 1246 daAuts
  Lair:3: 1238 daAuts
   Elf:2: 1229 daAuts
     D:5: 1185 daAuts
